 Dungeon Crawl Stone Soup version 0.31-a0-1002-g8e65716e6e (webtiles) character file.

Game seed: 8082179226936096106

1 Revguard the Chopper (level 1, 0/16 HPs)
             Began as a Demonspawn Gladiator on Nov 9, 2023.
             Frozen to death by an endoplasm (2 damage)
             ... on level 1 of the Dungeon.
             The game lasted 00:00:20 (75 turns).

Revguard the Chopper (Demonspawn Gladiator)           Turns: 75, Time: 00:00:21

Health: 0/16       AC:  6    Str: 14    XL:     1   Next: 16%
Magic:  1/1        EV: 11    Int:  9    God:
Gold:   0          SH:  0    Dex: 14    Spells: 0/0 levels left

rFire   . . .        a - +0 war axe
rCold   . . .        (no shield)
rNeg    . . .        f - +0 ring mail
rPois   .            c - +0 helmet
rElec   .            (no cloak)
rCorr   .            (no gloves)
SInv    .            (no boots)
Will    .....        (no amulet)
Stlth   +            (no ring)
HPRegen 0.22/turn    (no ring)
MPRegen 0.07/turn

%: no passive effects
@: no status effects
A: no striking features
a: no special abilities


You were on level 1 of the Dungeon.
You visited 1 branch of the dungeon, and saw 1 of its levels.

Inventory:

Hand Weapons
 a - a +0 war axe (weapon)
Missiles
 d - 3 throwing nets (quivered)
 e - a javelin
Armour
 b - a +0 leather armour
 c - a +0 helmet (worn)
 f - a +0 ring mail (worn)
Scrolls
 g - a scroll of enchant armour {unknown}


   Skills:
 * Level 2.0 Fighting
 * Level 2.7 Axes
 - Level 1.7 Throwing
 + Level 0.0 Armour
 + Level 2.7 Dodging
 + Level 0.0 Invocations
 + Level 0.0 Evocations


You couldn't memorise any spells.
You didn't know any spells.
Your spell library was empty.

Dungeon Overview and Level Annotations

Branches:
Dungeon (1/15)

Altars:


Message History

Found a stone staircase leading down.
There is an open door here.
You open the door.
There is an open door here.
You open the door.
There is an open door here.
g - a scroll labelled JARENL IBYWKOP
There is an open door here.
An endoplasm comes into view.
The endoplasm quivers.
An endoplasm comes into view.
The endoplasm quivers.
The endoplasm jiggles.
An endoplasm and 2 kobolds come into view.
Found a stone staircase leading down.
The endoplasm quivers.
The endoplasm barely misses you.
The endoplasm jiggles.
The kobold moves out of view.
You slash the endoplasm!
You kill the endoplasm!
You barely miss the endoplasm. The endoplasm closely misses you.
The endoplasm freezes you.
You are frozen.
The kobold hits you but does no damage. The endoplasm freezes you.
You are frozen.
The kobold hits you with a +0 whip. The endoplasm freezes you.
You are frozen.
* * * LOW HITPOINT WARNING * * *
The kobold throws a stone.
The stone hits you but does no damage.
You hit the endoplasm.
The endoplasm is heavily wounded.
You hit the kobold.
You kill the kobold!
You hit the endoplasm.
The endoplasm hits you but does no damage.
The endoplasm freezes you.
You are frozen.
You die...

.# #########.#
#.....>...# #.........#
##.........# .
...........##.#
.......J......# ###
####### #)@...# ..#
#.....# #.J.K.# 8.#
#.###.# #.....# <.#
#.....# #.....# 8.#
###.### #.##### ..# #'#
#.#####..
########.######........
................####...
#.########.####.#


You could see 2 endoplasms and a kobold.

Vanquished Creatures
  An endoplasm (D:1)
  A kobold (D:1)
2 creatures vanquished.

Notes
Turn   | Place    | Note
-------+----------+-------------------------------------------
     0 | D:1      | Revguard the Demonspawn Gladiator began the quest for the
                  | Orb.
     0 | D:1      | Reached XP level 1. HP: 16/16 MP: 1/1
    75 | D:1      | Frozen to death by an endoplasm

Illustrated notes

Levels and vault maps discovered:
D:1:      dpeg_arrival_renting, layout_rooms, minmay_shallow_snake_nest

Action                     || total
---------------------------++-------
  Melee: War axe           ||     2
 Armour: Ring mail         ||     4
  Dodge: Dodged            ||     2

Table legend: (Time is in decaauts)
 A = Elapsed time spent in this place.
 B = Non-inter-level travel time spent in this place.
 C = Inter-level travel time spent in this place.
 D = Time resting spent in this place.
 E = Time spent auto-exploring this place.
 F = Levels seen in this place.
 G = Mean time per level.
                   A        B        C        D        E       F      G
               +--------+--------+--------+--------+--------+-----+--------+
         Total |     75 |     75 |      0 |      0 |     49 |   1 |   75.0 |
       Dungeon |     75 |     75 |      0 |      0 |     49 |   1 |   75.0 |
               +--------+--------+--------+--------+--------+-----+--------+

Top non-repeatable levels by time:
     D:1: 75 daAuts
